Cogmind - Beta 15 @@@ ROGUE MODE // 2025.05.09 @ 21:40:16 Player: Lord Draconis Result: Destroyed by H-55 Commando with Gauss Rifle Performance ------------- Evolutions (2) 1000 Regions Visited (7) 1400 Robots Destroyed (141) 705 Value Destroyed (3686) 3686 Prototype IDs (6) 120 Alien Tech Used (0) 0 Bonus (679) 679 TOTAL SCORE: 7590 Bonus ------- High Alert Combat Kills 408 Follower Combat Kills 71 Entered Garrisons 200 Cogmind --------- Core Integrity 0/550 Matter 273/300 Energy 285/290 System Corruption 0% Temperature Cool (4) Movement Treading (240) Ox1 Location -8/Materials Parts ------- > --- POWER (1) -------- Reinforced Deuterium Engine > --- PROPULSION (4) --- Light Treads Light Treads Light Treads Light Treads > --- UTILITY (4) ------ Improved Heat Sink Huge Storage Unit Structural Scanner Improved Light Armor Plating > --- WEAPON (2) ------- Pulse Rifle Heavy Assault Rifle > --- INVENTORY (25) --- Improved Deuterium Engine Reinforced Deuterium Engine Light Treads Light Treads Carbon-fiber Leg Armored Wheel Heat Sink Heat Sink Improved Heat Sink Huge Storage Unit High-capacity Matter Pod (200) High-capacity Matter Pod (200) Improved Sensor Array Advanced Targeting Computer Particle Charger Improved Light Armor Plating Insulated Plating High-powered Tractor Beam EM Pulse Cannon EM Pulse Cannon Heavy Assault Rifle Missile Launcher Missile Launcher Plasma Cutter Hammer Peak State ------------ > --- POWER ------------ Reinforced Deuterium Engine > --- PROPULSION ------- Light Treads Light Treads Light Treads Improved Treads > --- UTILITY ---------- Cooling System Huge Storage Unit Improved Light Armor Plating Improved Light Armor Plating > --- WEAPON ----------- Precision Beam Rifle Assault Cannon > --- INVENTORY -------- Reinforced Deuterium Engine Reinforced Deuterium Engine Light Treads Light Treads Light Treads Armored Wheel Cooling System Huge Storage Unit High-capacity Matter Pod High-capacity Matter Pod Structural Scanner Improved Sensor Array Advanced Targeting Computer Particle Charger Improved Light Armor Plating Improved Light Armor Plating Hardlight Generator High-powered Tractor Beam Advanced Beam Cannon Advanced Beam Cannon Missile Launcher Missile Launcher Missile Launcher Plasma Cutter Hammer [Rating: 30] Favorites ----------- Power Reinforced Deuterium Engine Engine Reinforced Deuterium Engine Power Core Nuclear Core Propulsion Light Treads Treads Light Treads Leg Aluminum Leg Wheel Wheel Utility Cooling System Device Cooling System Storage Huge Storage Unit Protection Hardened Light Armor Plating Weapon Advanced Beam Cannon Energy Gun Precision Beam Rifle Energy Cannon Advanced Beam Cannon Ballistic Gun Improved Assault Rifle Ballistic Cannon Assault Cannon Launcher Missile Launcher Impact Weapon Hammer Build | -11 -10 -10 -9 -9 -8 -8 -8 ------- Run | Yrd Mat Min Mat Min Mat Gar Mat Slots Evolved 4 | . . . 2 . 2 . . Power . | . . . . . . . . Propulsion 2 | . . . 1 . 1 . . Utility 2 | . . . 1 . 1 . . Weapon . | . . . . . . . . Parts Attached 102 | 7 14 2 30 2 18 28 1 Power 11 | 1 2 . 4 . 3 1 . Engine 9 | 1 2 . 2 . 3 1 . Core 2 | . . . 2 . . . . Reactor . | . . . . . . . . Propulsion 35 | 3 3 1 13 . 10 5 . Treads 29 | 1 2 . 11 . 10 5 . Leg 1 | 1 . . . . . . . Wheel 5 | 1 1 1 2 . . . . Hover . | . . . . . . . . Flight . | . . . . . . . . Utility 32 | 1 5 . 5 2 2 17 . Device 12 | . 2 . 2 1 . 7 . Storage 8 | 1 3 . 3 . 1 . . Processor . | . . . . . . . . Hackware . | . . . . . . . . Protection 12 | . . . . 1 1 10 . Artifact . | . . . . . . . . Weapon 24 | 2 4 1 8 . 3 5 1 Energy Gun 8 | 2 1 . 1 . 2 1 1 Energy Cannon 4 | . . . 2 . . 2 . Ballistic Gun 6 | . 3 . 1 . 1 1 . Ballistic Cannon 2 | . . . 2 . . . . Launcher 3 | . . 1 1 . . 1 . Special Weapon . | . . . . . . . . Impact Weapon 1 | . . . 1 . . . . Slashing Weapon . | . . . . . . . . Piercing Weapon . | . . . . . . . . Special Melee Weapon . | . . . . . . . . Unidentified Prototypes 6 | . . . 4 . 2 . . Parts Lost 23 | . 1 . 1 . 2 19 . Power 2 | . . . 1 . . 1 . Propulsion 6 | . . . . . 1 5 . Utility 8 | . . . . . . 8 . Weapon 7 | . 1 . . . 1 5 . Highest Loss Streak 15 | . 1 . 1 . 1 15 . To Critical Strikes . | . . . . . . . . Average Backups 22 | 1 13 20 23 24 24 22 25 Power 1 | . . 2 1 1 1 1 2 Propulsion 2 | . 1 2 2 3 3 3 4 Utility 9 | . 6 8 9 9 11 10 11 Weapon 7 | . 4 7 9 10 7 5 6 Tool/Special . | . . . . . . . . Unused Backups 38 | . 3 1 10 1 5 3 15 Power 8 | . . . 4 . 1 1 2 Propulsion 2 | . . . 1 . . . 1 Utility 17 | . 2 1 2 1 2 2 7 Weapon 10 | . 1 . 3 . 2 . 4 Tool/Special 1 | . . . . . . . 1 Average Slot Usage (%) 98 | . 99 100 99 100 99 94 100 Engine 9 | . 14 14 7 11 9 9 9 Treads 26 | . 14 14 21 22 35 32 36 Wheel 6 | . 14 14 11 11 . . . Device 15 | . 13 14 21 11 18 11 18 Storage 10 | . 14 14 11 11 9 9 9 Protection 6 | . . . . 11 9 12 9 Energy Gun 6 | . 21 14 4 . 1 5 9 Energy Cannon 4 | . . . 6 11 5 3 . Ballistic Gun 6 | . 6 13 4 11 7 2 9 Ballistic Cannon 3 | . . . 6 . 3 4 . Peak Build Rating 30 | 6 10 10 23 24 27 30 26 Average Rating 21 | 4 8 10 20 23 24 26 25 On Entrance 15 | . 6 10 10 23 24 26 25 Naked Turns . | . . . . . . . . Heaviest Build 112 | 14 51 49 99 102 111 112 106 Greatest Support 83 | 20 20 10 40 12 83 83 60 Greatest Overweight (x) 9 | 1 5 4 9 8 1 9 1 Average Overweight (x) 3 | . 3 4 7 8 1 1 1 Largest Inventory Capacity 25 | 8 20 20 25 25 25 25 25 Average Capacity 23 | 6 18 20 24 25 25 25 25 Most Carried 25 | 2 20 20 25 25 25 25 25 Average Carried 22 | . 13 20 24 24 24 22 24 Final Capacity 25 | 8 20 20 25 25 25 25 25 Final Carried 25 | 2 20 20 25 25 25 25 25 Class Distribution -------------------- 75% | Mutant 24% | Scavenger-Mutant Dominant Class ---------------- Mutant | -10/Materials Mutant | -10/Mines Mutant | -9/Materials Mutant | -9/Mines Mutant | -8/Materials Scavenger-Mutant | -8/Garrison Scavenger-Mutant | -8/Materials Resources | -11 -10 -10 -9 -9 -8 -8 -8 ----------- Run | Yrd Mat Min Mat Min Mat Gar Mat Matter Collected 3231 | 134 540 110 817 26 674 895 35 Remotely . | . . . . . . . . Salvage Created 4111 | . 483 194 1249 60 1192 810 123 Parts 262 | . 31 17 93 1 68 45 7 Haulers Intercepted 15 | . 2 . 6 . 6 . 1 Recyclers Shooed 1 | . . . 1 . . . . Parts Field Recycled . | . . . . . . . . Retrieved Matter . | . . . . . . . . Parts Self-Destructed . | . . . . . . . . Prevented . | . . . . . . . . Kills | -11 -10 -10 -9 -9 -8 -8 -8 ------- Run | Yrd Mat Min Mat Min Mat Gar Mat Combat Hostiles Destroyed 103 | . 9 9 26 1 26 29 3 Guns 33 | . 6 6 6 . 5 7 3 Cannons 35 | . . . 13 1 13 8 . AOE 35 | . 3 3 7 . 8 14 . Classes Destroyed 15 | . 7 . 3 1 . 4 . Worker 6 | . 1 1 3 . 1 . . Builder 2 | . . . 2 . . . . Tunneler 2 | . 1 1 . . . . . Hauler 15 | . 2 . 6 . 6 . 1 Recycler 3 | . . . 2 . 1 . . Mechanic 1 | . . . . . . 1 . Operator 3 | . 1 . 2 . . . . Watcher 6 | . 2 . 3 . 1 . . Swarmer 42 | . 4 7 10 . 10 9 2 Grunt 32 | . 5 2 7 . 9 9 . Sentry 23 | . . . 9 . 7 6 1 Demolisher 1 | . . . . 1 . . . Specialist 2 | . . . . . . 2 . Hunter 2 | . . . . . . 2 . Behemoth 1 | . . . . . . 1 . Best Kill Streak 8 | . 3 3 8 1 7 4 2 Combat Bots Only 5 | . 3 3 4 1 5 4 2 Max Kills in Single Turn 5 | . 2 2 5 1 2 3 1 Gunslinging . | . . . . . . . . Exploded 4 | . 2 2 4 . 2 3 . Melee . | . . . . . . . . Uniques/NPCs Destroyed . | . . . . . . . . Combat | -11 -10 -10 -9 -9 -8 -8 -8 -------- Run | Yrd Mat Min Mat Min Mat Gar Mat Hostile Shots Fired 583 | . 50 31 90 . 124 263 25 Missed 165 | . 11 8 20 . 35 79 12 Hits 418 | . 39 23 70 . 89 184 13 Projectile 418 | . 39 23 70 . 89 184 13 Critical Strikes 10 | . 1 1 1 . 2 5 . Damage Taken 6171 | . 411 256 837 . 1143 3339 185 Core 789 | . 58 81 85 . 106 376 83 Absorbed by Shields 53 | . . . . . . 53 . Core Remaining (%) 74 | 100 . 44 . 78 . . . Volleys Fired 377 | . 55 19 95 6 77 111 14 Largest 2 | . 2 2 2 2 2 2 2 Hottest 136 | . 90 60 124 91 98 136 86 Shots Fired 682 | . 109 36 180 8 147 174 28 Gun 391 | . 109 34 72 2 70 76 28 Cannon 257 | . . . 105 6 71 75 . Launcher 34 | . . 2 3 . 6 23 . Special . | . . . . . . . . Kinetic 293 | . 32 17 90 2 87 51 14 Thermal 332 | . 54 17 87 6 54 100 14 Explosive 34 | . . 2 3 . 6 23 . Electromagnetic 23 | . 23 . . . . . . Robot Hit Streak 19 | . 9 8 8 11 16 19 7 Robot Miss Streak 6 | . 6 4 4 . 4 4 5 Penetration Max . | . . . . . . . . Secondary Targets 2 | . . 1 1 . . . . Max Gunslinging Chain 1 | . . 1 1 . . . . Shots Hit Robots 425 | . 62 17 110 6 100 111 19 Core Hits 196 | . 26 14 49 2 49 50 6 Critical Kills . | . . . . . . . . Critical Parts Destroyed 1 | . . . 1 . . . . Critical Strikes 16 | . 2 . 6 . 3 5 . Burn 9 | . 1 . 1 . 2 5 . Blast 5 | . . . 4 . 1 . . Corrupt 1 | . 1 . . . . . . Smash 1 | . . . 1 . . . . Melee Attacks 2 | . . . 2 . . . . Impact 2 | . . . 2 . . . . Slashing . | . . . . . . . . Piercing . | . . . . . . . . Sneak Attacks . | . . . . . . . . Combat Hostiles . | . . . . . . . . Follow-up Attacks . | . . . . . . . . Damage Inflicted 11189 | . 891 398 3030 134 2668 3769 299 Guns 3584 | . 741 199 698 31 694 922 299 Cannons 4030 | . . . 1574 103 1181 1172 . Explosions 3539 | . 150 199 722 . 793 1675 . Melee 36 | . . . 36 . . . . Ramming . | . . . . . . . . Kinetic 3365 | . 201 78 1182 31 1053 674 146 Thermal 4231 | . 522 121 1090 103 822 1420 153 Explosive 3389 | . . 199 722 . 793 1675 . Electromagnetic 168 | . 168 . . . . . . Impact 36 | . . . 36 . . . . Slashing . | . . . . . . . . Piercing . | . . . . . . . . Highest Corruption . | . . . . . . . . Average Corruption . | . . . . . . . . Corruption Purged . | . . . . . . . . Corruption Blocked . | . . . . . . . . Overload Shots . | . . . . . . . . Overflow Damage 182 | . . . 38 . 68 76 . Projectiles 28 | . . . . . 28 . . Explosions 118 | . . . 2 . 40 76 . Melee 36 | . . . 36 . . . . Knockbacks 6 | . . . 2 . 4 . . Impact . | . . . . . . . . Kinetic 6 | . . . 2 . 4 . . Secondary . | . . . . . . . . Self-Inflicted Damage 104 | . . 21 . . . 83 . Shots 3 | . . 1 . . . 2 . Rammed . | . . . . . . . . Targets Rammed . | . . . . . . . . Kicked . | . . . . . . . . Crushed . | . . . . . . . . Highest Temperature 406 | . 186 5 15 . 15 406 4 Average Temperature 118 | . 67 5 8 . 7 165 4 Received Heat Transfer 1526 | . 135 75 276 . 387 635 18 Effects 6 | . . . . . . 6 . Shutdowns 3 | . . . . . . 3 . Short Circuit 1 | . . . . . . 1 . Damage (minor) 2 | . . . . . . 2 . Siege Activations . | . . . . . . . . Martial Activations . | . . . . . . . . Shielding Activations . | . . . . . . . . Robots Disrupted . | . . . . . . . . Combat Hostiles . | . . . . . . . . Robots Corrupted 1 | . . . 1 . . . . Combat Hostiles . | . . . . . . . . Parts Fried 1 | . . . 1 . . . . Impact Corruptions 3 | . . . 3 . . . . Robots Melted . | . . . . . . . . Combat Hostiles . | . . . . . . . . Parts Melted 9 | . 3 1 1 . 4 . . Heat Transferred 8993 | . 1144 275 2283 185 1665 3108 333 Parts Sabotaged . | . . . . . . . . Parts Stolen . | . . . . . . . . Parts Stripped . | . . . . . . . . Power Chain Reactions 2 | . 2 . . . . . . Alert | -11 -10 -10 -9 -9 -8 -8 -8 ------- Run | Yrd Mat Min Mat Min Mat Gar Mat Maximum Alert Level 4 | . . . 1 . 2 4 3 Low Security (%) 49 | 100 100 100 45 100 40 . . Level 1 27 | . . . 54 . 58 11 . Level 2 5 | . . . . . . 22 . Level 3 11 | . . . . . . 43 100 Level 4 5 | . . . . . . 22 . Level 5 . | . . . . . . . . High Security . | . . . . . . . . Max Security . | . . . . . . . . Peak Influence 1585 | . 124 113 311 104 403 1585 772 Initial 772 | . . 8 4 104 . 239 772 Average 303 | . 37 39 193 9 183 861 742 Influence Increases 4161 | . 330 339 981 30 808 1556 117 Destroy 0b10 Robot/C 2160 | . 180 220 580 20 520 580 60 Destroy 0b10 Robot/NC 195 | . 35 10 95 . 45 5 5 Destroy Leader 484 | . 58 40 180 10 144 30 22 Allied During Kill 40 | . . 24 16 . . . . Successful Hack 52 | . 17 . 5 . 16 14 . Disable Machine 60 | . . . 45 . 15 . . Anti-Garrison Action 800 | . . . . . . 800 . Destroy Structure 250 | . 10 15 45 . 53 127 . Partial Spotted 15 | . . . . . . . 15 Lose Combat Pursuer 105 | . 30 30 15 . 15 . 15 Influence Decreases 3412 | . 307 350 724 297 441 340 953 Entered New Map 1133 | . . 15 8 165 2 130 813 Time Decay 1989 | . 297 315 686 132 419 . 140 Lost Part 230 | . 10 . 10 . 20 190 . Lost Ally 60 | . . 20 20 . . 20 . Squads Dispatched 6 | . 2 . 2 . 1 . 1 Investigation 2 | . 1 . . . 1 . . Extermination . | . . . . . . . . Reinforcement 4 | . 1 . 2 . . . 1 Assault . | . . . . . . . . Garrison . | . . . . . . . . Intercept . | . . . . . . . . Searches Triggered . | . . . . . . . . Construction Impeded . | . . . . . . . . Haulers Reinforced . | . . . . . . . . Active Scanning Responses . | . . . . . . . . Cargo Convoy Interrupts . | . . . . . . . . Stealth | -11 -10 -10 -9 -9 -8 -8 -8 --------- Run | Yrd Mat Min Mat Min Mat Gar Mat Distress Signals 4 | . . . 3 . 1 . . Communications Jammed . | . . . . . . . . Distress Signals . | . . . . . . . . Times Spotted 161 | . 24 12 44 . 40 29 12 Peak Tracking Total 7 | . 3 3 5 . 7 5 7 Tactical Retreats 5 | . 1 1 1 . 1 . 1 Traps | -11 -10 -10 -9 -9 -8 -8 -8 ------- Run | Yrd Mat Min Mat Min Mat Gar Mat Traps Triggered 10 | . 1 . . . 1 8 . Indirectly . | . . . . . . . . Trap Hack Attempts . | . . . . . . . . Triggered . | . . . . . . . . Disarmed . | . . . . . . . . Reprogrammed . | . . . . . . . . Reused . | . . . . . . . . Traps Extracted . | . . . . . . . . Installed . | . . . . . . . . Triggered . | . . . . . . . . Machines | -11 -10 -10 -9 -9 -8 -8 -8 ---------- Run | Yrd Mat Min Mat Min Mat Gar Mat Machines Disabled 6 | . . . 4 . 1 1 . Max in Single Turn 1 | . . . 1 . 1 1 . Garrison Relay 1 | . . . . . . 1 . Machines Repaired . | . . . . . . . . Machines Dismantled . | . . . . . . . . Machines Sabotaged . | . . . . . . . . Overloaded Fab Kills . | . . . . . . . . Hacking | -11 -10 -10 -9 -9 -8 -8 -8 --------- Run | Yrd Mat Min Mat Min Mat Gar Mat Machines Accessed 24 | . 6 . 5 . 9 2 2 Terminals 20 | . 6 . 3 . 7 2 2 Fabricators . | . . . . . . . . Repair Stations 1 | . . . . . 1 . . Recycling Units 2 | . . . 2 . . . . Scanalyzers . | . . . . . . . . Garrison Access 1 | . . . . . 1 . . Total Hacks 59 | . 15 . 13 . 22 3 6 Successful 15 | . 5 . 3 . 6 1 . Failed 42 | . 9 . 9 . 16 2 6 Catastrophic 10 | . 1 . 3 . 3 . 3 Database Lockouts 2 | . 1 . 1 . . . . Manual 31 | . 5 . 5 . 15 . 6 Terminals 52 | . 15 . 9 . 19 3 6 Fabricators . | . . . . . . . . Repair Stations 2 | . . . . . 2 . . Recycling Units 4 | . . . 4 . . . . Scanalyzers . | . . . . . . . . Garrison Access 1 | . . . . . 1 . . Terminal Hacks 11 | . 5 . 2 . 3 1 . Part Schematic 2 | . 1 . . . 1 . . Robot Analysis 1 | . . . 1 . . . . Emergency Access Points 1 | . . . . . . 1 . Hauler Manifests 3 | . 1 . . . 2 . . Zone Layout 4 | . 3 . 1 . . . . Fabricator Hacks . | . . . . . . . . Repair Station Hacks . | . . . . . . . . Recycling Unit Hacks 1 | . . . 1 . . . . Retrieve Components 1 | . . . 1 . . . . Scanalyzer . | . . . . . . . . Garrison Access Hacks 1 | . . . . . 1 . . Unlock Access 1 | . . . . . 1 . . Unauthorized Hacks 2 | . . . . . 2 . . Terminals 2 | . . . . . 2 . . Botnet 2 | . . . . . 2 . . Fabricators . | . . . . . . . . Repair Stations . | . . . . . . . . Recycling Units . | . . . . . . . . Scanalyzers . | . . . . . . . . Garrison Access . | . . . . . . . . Data Cores Recovered 2 | . 1 . 1 . . . . Used 1 | . 1 . . . . . . Hacking Detections 20 | . 5 . 4 . 7 2 2 Full Trace Events 3 | . . . . . 2 1 . Feedback Events . | . . . . . . . . Feedback Blocked . | . . . . . . . . Robot Schematics Acquired . | . . . . . . . . Robots Built . | . . . . . . . . Authchips . | . . . . . . . . Time . | . . . . . . . . Total Robot Build Rating . | . . . . . . . . Part Schematics Acquired 2 | . 1 . . . 1 . . Parts Built . | . . . . . . . . Authchips . | . . . . . . . . Time . | . . . . . . . . Total Part Build Rating . | . . . . . . . . Parts Repaired . | . . . . . . . . Time . | . . . . . . . . Parts Recycled . | . . . . . . . . Recycled Matter . | . . . . . . . . Retrieved Matter . | . . . . . . . . Retrieved Components 9 | . . . 9 . . . . Parts Scanalyzed . | . . . . . . . . Part Schematics Acquired . | . . . . . . . . Parts Damaged . | . . . . . . . . Bothacking | -11 -10 -10 -9 -9 -8 -8 -8 ------------ Run | Yrd Mat Min Mat Min Mat Gar Mat Used RIF Installer . | . . . . . . . . Robots Hacked . | . . . . . . . . Non-combat . | . . . . . . . . Combat . | . . . . . . . . Robot Hacks Applied . | . . . . . . . . Relay Couplers Released 4 | . . . . . . 4 . Machine Destruction 4 | . . . . . . 4 . Fabnet Peak Effective % . | . . . . . . . . Robots Rewired 1 | . . . . . . 1 . Allies Hacked . | . . . . . . . . Hacks Repelled . | . . . . . . . . Allies | -11 -10 -10 -9 -9 -8 -8 -8 -------- Run | Yrd Mat Min Mat Min Mat Gar Mat Total Allies 5 | . . 4 . . . 1 . Largest Group 3 | . . 3 2 . . 1 . Highest-Rated Group 63 | . . 63 32 . . 10 . Highest-Rated Ally 31 | . . 31 16 . . 10 . Initial Warlord ECA Mod 3 | . . . . . . . 3 Total Orders . | . . . . . . . . Ally Attacks 31 | . . 9 22 . . . . Total Damage 324 | . . 56 268 . . . . Kills 6 | . . 2 4 . . . . Allies Corrupted . | . . . . . . . . Allies Melted . | . . . . . . . . Intel | -11 -10 -10 -9 -9 -8 -8 -8 ------- Run | Yrd Mat Min Mat Min Mat Gar Mat Active Infowar (turns) 6140 | . 453 . 2924 . 2522 3 238 Structural 6140 | . 453 . 2924 . 2522 3 238 Robot Analysis Total 1 | . . . 1 . . . . Derelict Logs Recovered 2 | . . 1 . 1 . . . Drone Launches . | . . . . . . . . Drone Recoveries . | . . . . . . . . Exploration | -11 -10 -10 -9 -9 -8 -8 -8 ------------- Run | Yrd Mat Min Mat Min Mat Gar Mat Turns Passed 12184 | 46 1151 997 2950 1503 2522 2727 288 Spaces Moved 5041 | 37 713 658 1054 600 919 961 99 Core 3 | 3 . . . . . . . Treads 2063 | 2 15 . 128 . 919 900 99 Legs 1 | 1 . . . . . . . Wheels 2974 | 31 698 658 926 600 . 61 . Hover . | . . . . . . . . Flight . | . . . . . . . . Fastest Speed 50 | 50 95 140 140 210 240 210 240 Average Speed 205 | 89 131 140 233 210 240 238 240 Slowest Speed 480 | 160 320 140 480 210 240 240 240 Overloaded Moves . | . . . . . . . . Propulsion Burnouts . | . . . . . . . . Robots Hopped . | . . . . . . . . Potential Cave-ins . | . . . . . . . . Cave-ins Triggered . | . . . . . . . . Exploration Rate (%) 68 | 4 96 97 91 98 77 73 14 Regions Visited 7 Branch Regions 2 Pre-discovered Areas . | . . . . . . . . Known Exits Taken 1 | . . . . . 1 . . Unknown Exits Taken 5 | 1 1 1 1 1 . . . Scrap Searched 2 | . . 1 . 1 . . . Spaces Dug 7 | . . . 4 . 1 2 . Terrain Destroyed 233 | . 9 17 53 . 50 104 . Melee 1 | . . . 1 . . . . Projectile 23 | . . . 14 . 4 5 . AOE 209 | . 9 17 38 . 46 99 . Terrain Rammed . | . . . . . . . . Walls Destroyed . | . . . . . . . . Machines Disabled . | . . . . . . . . Actions | -11 -10 -10 -9 -9 -8 -8 -8 --------- Run | Yrd Mat Min Mat Min Mat Gar Mat Total 6239 | 47 820 699 1392 838 1096 1224 123 Wait 500 | . 14 17 132 227 45 60 5 Move 5034 | 36 712 657 1053 599 918 960 99 Hop . | . . . . . . . . Pick Up 74 | 3 16 1 29 2 7 15 1 Fast Attach 22 | 6 2 . 5 . 4 5 . Attach 24 | 1 1 . 2 . 3 17 . Detach 4 | . 1 . . . . 3 . Swap 93 | . 11 3 29 2 22 24 2 Drop 93 | 1 8 2 45 2 20 13 2 Fire 377 | . 55 19 95 6 77 111 14 Melee 2 | . . . 2 . . . . Ram . | . . . . . . . . Kick . | . . . . . . . . Crush . | . . . . . . . . Escape Stasis 10 | . . . . . . 10 . Rewire 6 | . . . . . . 6 . Trap . | . . . . . . . . Miscellaneous . | . . . . . . . . Route ------- -11/Scrapyard -10/Materials (discovered 6 exits: *Mat x3 / [*Min x2] / [*Sub]) -10/Mines (discovered 3 exits: *Mat x2 / [*Sub]) -9/Materials (discovered 4 exits: *Mat x3 / [*Min]) -9/Mines (discovered 3 exits: *Mat x2 / [*Exi]) -8/Materials (discovered 3 exits: [*Fac x2] / Gar) -8/Garrison (discovered 3 exits: *Mat x3) -8/Materials History --------- Turn | Location | Event 33 | -11/Scrapyard | Discovered new exit (range 16) 47 | -11/Scrapyard | Entered Materials 96 | -10/Materials | Central database locked down 140 | -10/Materials | Discovered new exit (range 16) 318 | -10/Materials | Build established: Mutant 410 | -10/Materials | Discovered new exit (range 18) 592 | -10/Materials | Discovered new exit (range 12) 601 | -10/Materials | Discovered new exit (range 12) 742 | -10/Materials | Discovered new exit (range 13) 1095 | -10/Materials | Discovered new exit (range 11) 1198 | -10/Materials | Entered Mines 1301 | -10/Mines | Learned Materials trap positions 1329 | -10/Mines | Assisted by bots powering up and referring to "LRC-V3" 1482 | -10/Mines | Discovered new exit (range 11) 1508 | -10/Mines | Discovered new exit (range 10) 1763 | -10/Mines | Received a Mining Laser from a helpful Derelict 1868 | -10/Mines | Core integrity fell below 50% 2186 | -10/Mines | Discovered new exit (range 10) 2195 | -10/Mines | Entered Materials 2195 | -9/Materials | Accompanied by 2 allies 2195 | -9/Materials | Evolved 2 slots: Propulsion x1, Utility x1 2196 | -9/Materials | Loaded intel: 24 trap records 2395 | -9/Materials | Central database locked down 2872 | -9/Materials | Discovered new exit (range 16) 3646 | -9/Materials | Discovered new exit (range 3) 4758 | -9/Materials | Discovered new exit (range 16) 4981 | -9/Materials | Discovered new exit (range 12) 5145 | -9/Materials | Entered Mines 5204 | -9/Mines | Assembled infested the area 5527 | -9/Mines | Discovered new exit (range 9) 5823 | -9/Mines | Discovered new exit (range 5) 5912 | -9/Mines | Received a Rocket Launcher from a helpful Derelict 6011 | -9/Mines | Learned Materials security intel 6072 | -9/Mines | Found a hidden stash of uninstalled traps 6210 | -9/Mines | Discovered new exit (range 6) 6648 | -9/Mines | Entered Materials 6648 | -8/Materials | Evolved 2 slots: Propulsion x1, Utility x1 7308 | -8/Materials | Discovered new exit (range 15) 7373 | -8/Materials | Identified exit to Garrison 8023 | -8/Materials | Build established: Scavenger-Mutant 8440 | -8/Materials | Discovered new exit (range 16) 9170 | -8/Materials | Entered Garrison 9181 | -8/Garrison | Triggered checkpoint 9342 | -8/Garrison | Triggered checkpoint 9481 | -8/Garrison | Triggered checkpoint 9880 | -8/Garrison | Build established: Mutant 9963 | -8/Garrison | Triggered checkpoint 10046 | -8/Garrison | Triggered checkpoint 10088 | -8/Garrison | Triggered checkpoint 10258 | -8/Garrison | Triggered checkpoint 10411 | -8/Garrison | Discovered new exit (range 9) 10652 | -8/Garrison | Spotted B-75 Beast 10706 | -8/Garrison | Core integrity fell below 50% 10760 | -8/Garrison | Core integrity fell below 20% 10814 | -8/Garrison | Lost 15 parts (1p3n7u4w) 10856 | -8/Garrison | Destroyed B-75 Beast 10966 | -8/Garrison | Discovered new exit (range 12) 11239 | -8/Garrison | Build established: Scavenger-Mutant 11729 | -8/Garrison | Discovered new exit (range 14) 11798 | -8/Garrison | Triggered checkpoint 11897 | -8/Garrison | Entered Materials 12185 | -8/Materials | Destroyed by H-55 Commando with Gauss Rifle Last Messages --------------- Acquired Insulated Plating. Acquired 35 matter. R-06 Scavenger collects Minigun. K-01 Serf collects debris. R-06 Scavenger collects Lgt. Treads. S-10 Pest destroyed. R-06 Scavenger collects Lgt. Assault Rifle. K-01 Serf collects debris. S-10 Pest destroyed. Connecting with Terminal... Current location identified: Materials Connecting with Terminal... O-16 Technician: "IFF HANDSHAKE FAILED. SECURING TERMINAL." O-16 Technician uses terminal to summon reinforcements. ALERT: Hostiles spotted, dispatching reinforcements to Terminal M010. O-16 Technician locks terminal. Y-45 Defender destroyed. Penetrated by Slug. Slug penetrates Wall. Terminal disabled. Map ----- +----------------------------------------------------+ | | | | | | | | | ?????????????????????????????????????????????????? | | ?????????????????????????????????????????????????? | | ?????????????????????????????????????????????????? | | ?????????????????????????????????????????????????? | | ?????????????????????????????????????????????????? | | ?????????????????????????????????????????????????? | | ?????????????????????????????????????????????????? | | ?????????????????????????????????????????????????? | | ?????????????????????????????????????????????????? | | ?????????????????????????????????????????????????? | | ????????? ???????????????????????????????????????? | | ?????? ##? ??????????????????????????????????????? | | ????? ##?? ######### ??????? ??????????????? | | ?????### ??? ##########???????##+##??????????????? | | ????? ??? ??????? [= ??????????????? | | ????????! ???? ?????????##%##??????????????? | | ???????? ????? ????????##=##??????????????? | | ?????### #### ############ #### ? ## ?? | | ?????#####/###### ############+##########?### ?? | | ?????## ## # #### # ? ?? | | ?????## ## =g% w ; h/% + | | ?????## """ ## # @ #### # """? # | | ?????## """ ## ############ # """ # | | ????### """ ## ###################+## """ + | | ????## """ # ##??????? ######!% # | | ????### """ # ##??????? # # # | | ?????## / T ##??????? # # """ # | | ?????## # ##??????? # # """ # | | ?????########### ##??????? # # """ # | | ?????##################??????? #= + # | | ??????????????#########??????? # # # | | ?????????????????????????????? ##+###/##### # | | ???????????????????????? ## # # | | ????????????????????????###+##### ! # | | ?????????????????? + # #### | | ?????????????????? #### # #### | | ???????????????????????? ?? #### * # ##?? | | ???????????????????????????????## !# #### | | ???????????????????????????????#####+###### ## " | | ???????????????????????????????#### # ## " | | ?????????????????????????????????## + ## " | | ?????????????????????????????????## # ## | | ?????????????????????????????????########## ## | | ?????????????????????????????????########## ##[ | | ??????????????????????????????????######## ### | | ?????????????????????????????? | +----------------------------------------------------+ Best States ------------- Heat Dissipation 55 Energy Generation 16 Energy Capacity 290 Matter Stores 300 Matter Capacity 300 Sight Range 16 Terrain Scan Density 10 Armor Coverage 450 Evasion (%) 45 Recoil Reduction 4 Particle Charging 15 Item Schematics ----------------- Huge Storage Unit | -10/Materials | Hacked Plasma Cutter | -8/Materials | Hacked Robot Schematics ------------------ None Fabricated ------------ Nothing Repaired ---------- Nothing Alien Tech Used ----------------- None Achievements -------------- None Challenges ------------ None Game ------ Seed SuspensionMatterImmobilizer Manual? 0 Play Time 01:01:34 Cumulative 98.6 hours Start 2025.05.09 @ 20:36:56 End 2025.05.09 @ 21:40:16 Sessions 1 Manual Loads 0 Difficulty Rogue Special Mode None Game No. 71 Rogue 71 Adventurer 0 Explorer 0 Win Type - Total 4 Types 4/0/0/0/0/0/0/0/0/0 Lore% 30 Gallery% 40 Achievement% 40 Wizard Run 0 Options --------- Layout 0 ASCII 0 Keyboard 0 Movement Mouse Keybinds 0 Fullscreen 2 Font 18/SmallcapsGlow Map View 76x50 Zoom Use 0% Tactical HUD 0 Map Filters NONE Filters NONE Steam 1 RUN: f481586d-a1a2-4c51-a5ee-4e6231681f82